 Dungeon Crawl Stone Soup version 0.18.1-48-g4cf74bf (webtiles) character file.

49 tyranidshit the Grave Robber (level 3, -1/32 HPs)
             Began as a Deep Dwarf Necromancer on July 12, 2016.
             Slain by a gnoll
             ... wielding a +0 halberd
              (13 damage)
             ... on level 2 of the Dungeon.
             The game lasted 00:06:00 (1048 turns).

tyranidshit the Grave Robber (DDNe)                 Turns: 1048, Time: 00:06:01

Health: -1/32      AC:  2    Str: 11    XL:     3   Next: 53%
Magic:  0/6        EV: 12    Int: 16    God:
Gold:   47         SH:  0    Dex: 13    Spells: 2 memorised, 3 levels left

rFire  . . .     SeeInvis .     l - +0 whip (venom)
rCold  . . .     Gourm    .     a - +0 robe
rNeg   . . .     Faith    .     (no shield)
rPois  .         Spirit   .     (no helmet)
rElec  .         Dismiss  .     (no cloak)
rCorr  .         Reflect  .     (no gloves)
SustAt .         Harm     .     (no boots)
MR     .....                    (no amulet)
Stlth  ++........               (no ring)
                                (no ring)

@: non-regenerating, not resistant to hostile enchantments, unstealthy
A: damage resistance, recharge devices, sense surroundings 1, slow regeneration
3
a: Device Recharging


You were on level 2 of the Dungeon.
You were not hungry.

You visited 1 branch of the dungeon, and saw 2 of its levels.

You collected 47 gold pieces.

Inventory:

Hand Weapons
 l - a +0 whip of venom (weapon)
Armour
 a - a +0 robe (worn)
Wands
 c - a wand of heal wounds (2/9)
Scrolls
 e - 2 scrolls of identify
 h - a scroll of enchant armour
 j - a scroll of teleportation
Potions
 g - a potion of lignification {unknown}
 i - a potion of curing {unknown}
 k - a potion of heal wounds {unknown}
Books
 b - a book of Necromancy

   Spells                             Type                      Level
   a - Pain                           Necromancy                   1
   b - Animate Skeleton               Necromancy                   1
   c - Vampiric Draining              Necromancy                   3
   d - Regeneration                   Charms/Necromancy            3
   e - Animate Dead                   Necromancy                   4
   f - Control Undead                 Necromancy                   4
Comestibles
 d - 3 bread rations
 f - a slice of pizza


   Skills:
 + Level 2.0 Fighting
 - Level 2.1 Dodging
 - Level 2.4 Stealth
 + Level 2.6 Spellcasting
 - Level 4.3 Necromancy


You had 3 spell levels left.
You knew the following spells:

 Your Spells              Type           Power        Failure   Level  Hunger
a - Pain                  Necr           ###.         3%          1    #......
b - Vampiric Draining     Necr           ###.......   12%         3    ###....


Dungeon Overview and Level Annotations

Branches:
Dungeon (2/15)

Altars:


Innate Abilities, Weirdness & Mutations

You are resistant to damage.
You can recharge devices by infusing magical energy.
You passively map a small area around you.
You do not regenerate naturally.


Message History

The gnoll is moderately wounded.
The gnoll barely misses you.
You closely miss the gnoll.
The gnoll is moderately wounded.
The gnoll hits you with a halberd.
You hit the gnoll.
The gnoll is heavily wounded.
The gnoll hits you with a halberd.
You hit the gnoll but do no damage.
The gnoll is poisoned.
The gnoll is heavily wounded.
Casting: Pain
Confirm with . or Enter, or press ? or * to list all spells.
Aiming: Pain
Press: ? - help, Shift-Dir - straight line, f - gnoll
Aim: a gnoll, wielding a halberd (heavily wounded, poisoned, chance to defeat MR: 81%)
The gnoll convulses in agony!
The gnoll hits you with a halberd!
You closely miss the gnoll.
The gnoll is severely wounded.
The gnoll hits you with a halberd!
You die...

, # *#### , #.
...# * ## * * *
#.####..# , .
#....#.., ,, *#.
#....#.#* *, .###
#.##.#.# , ,,..# ,
#......## ,#.#
##....g@.# * #.# *
* #......#.# ,..
#.##
#.###...#..#.#....
* #.)#
*#......#.........
##.#
#!###......#.#....
#.# ,*
#.#.##.#.#....,
#.# #.#......#*##
##.#### #......###
#..(...
####.#######
#..###.


You could see a gnoll.

Vanquished Creatures
  2 gnolls (D:2)
  A dart slug (D:1)
  2 ball pythons (D:1)
  4 bats
  2 hobgoblins (D:1)
  5 jackals (D:1)
  5 kobolds
  2 giant newts
  A goblin (D:1)
  3 rats
27 creatures vanquished.

Notes
Turn   | Place    | Note
--------------------------------------------------------------
     0 | D:1      | tyranidshit the Deep Dwarf Necromancer began the quest for the Orb.
     0 | D:1      | Reached XP level 1. HP: 15/15 MP: 3/3
   353 | D:1      | Reached skill level 1 in Fighting
   374 | D:1      | Reached XP level 2. HP: 15/25 MP: 0/5
   973 | D:2      | Reached XP level 3. HP: 31/31 MP: 4/6
   978 | D:2      | Learned a level 3 spell: Vampiric Draining
  1048 | D:2      | Slain by a gnoll

Skill      XL: |  1  2  3 |
---------------+----------+-----
Spellcasting   | 2 |  2.6
Fighting       | 1 2 |  2.0
Dodging        | |  2.1
Stealth        | |  2.4
Necromancy     | |  4.3

Action                   || total
-------------------------++-------
Melee: Club              ||    31
       Unarmed           ||    11
       Whip              ||    12
 Cast: Pain              ||    48
Evoke: Wand              ||     3
  Use: Scroll            ||     2
 Stab: Sleeping          ||     1
  Eat: Bread ration      ||     1
Armor: Robe              ||    17
Dodge: Dodged            ||    88
